 Dungeon Crawl Stone Soup version 0.16-a0-3253-g5709529 (webtiles) character file.

35037 Ololoev the Destroyer (level 13, -14/86 HPs)
             Began as an Octopode Conjurer on Dec 23, 2014.
             Was an Elder of Vehumet.
             Demolished by a polar bear (17 damage)
             ... in an ice cave.
             The game lasted 01:44:23 (20875 turns).

Ololoev the Destroyer (Octopode Conjurer)          Turns: 20875, Time: 01:44:23

Health: -14/86     AC:  1    Str:  7    XL:     13   Next: 81%
Magic:  4/30       EV: 26    Int: 22    God:    Vehumet [****..]
Gold:   1068       SH:  0    Dex: 16    Spells: 6 memorised, 11 levels left

rFire  . . .     SeeInvis .     g - +9 quarterstaff "Orb Guardian's Foe" {venom, rC+}
rCold  + . .     Clarity  +     (no shield)
rNeg   + . .     SustAb   .     (helmet restricted)
rPois  .         Gourm    .     (no amulet)
rElec  .         Spirit   .     a - ring of teleport control
rCorr  .         Warding  .     t - ring of positive energy
rMut   .         Stasis   .     v - ring of stealth
MR     .....                    (no ring)
Stlth  +++++++++.               (no ring)
                                (no ring)
                                (no ring)
                                (no ring)

@: agile, not resistant to hostile enchantments, incredibly stealthy
A: almost no armour, amphibious, 8 rings, constrict 8, tentacle spike 1,
repulsion field 1, camouflage 1, clarity, clumsy 1, gelatinous body 1, forlorn
a: Renounce Religion, Evoke Teleport Control


You were in an ice cave.
You worshipped Vehumet.
Vehumet was greatly pleased with you.
You were not hungry.

You visited 3 branches of the dungeon, and saw 17 of its levels.
You also visited: Ice Cave.

You collected 1382 gold pieces.
You spent 314 gold pieces at shops.

Notes
Turn   | Place    | Note
--------------------------------------------------------------
     0 | D:1      | Ololoev, the Octopode Conjurer, began the quest for the Orb.
     0 | D:1      | Reached XP level 1. HP: 11/11 MP: 3/3
   579 | D:1      | Reached XP level 2. HP: 17/17 MP: 1/4
   583 | D:1      | Learned a level 2 spell: Searing Ray
  1329 | D:2      | Reached XP level 3. HP: 21/21 MP: 2/6
  2063 | D:2      | Found a blossoming altar of Fedhas.
  2149 | D:2      | Found a shimmering altar of Xom.
  2405 | D:3      | Reached skill level 5 in Conjurations
  2405 | D:3      | Reached XP level 4. HP: 27/27 MP: 2/9
  2680 | D:3      | Reached XP level 5. HP: 20/31 MP: 6/11
  3733 | D:4      | Noticed a phantom
  3733 | D:4      | Noticed Kemay's ghost (average OpTm)
  3739 | D:4      | Killed Kemay's ghost
  3739 | D:4      | Reached skill level 6 in Conjurations
  3739 | D:4      | Reached XP level 6. HP: 36/36 MP: 7/13
  3857 | D:4      | Learned a level 4 spell: Iskenderun's Mystic Blast
  3862 | D:4      | Found a stormy altar of Qazlal.
  3883 | D:4      | Found a sparkling altar of Nemelex Xobeh.
  3892 | D:4      | Noticed Menkaure
  3900 | D:4      | Killed Menkaure
  4148 | D:4      | Killed a phantom
  4148 | D:4      | Reached skill level 7 in Conjurations
  4148 | D:4      | Reached XP level 7. HP: 41/41 MP: 10/17
  4299 | D:4      | Found a staircase to the Ecumenical Temple.
  4304 | Temple   | Entered the Ecumenical Temple
  4386 | D:5      | Entered Level 5 of the Dungeon
  4712 | D:5      | Found a burning altar of Makhleb.
  5004 | D:5      | Gained mutation: You are surrounded by a mild repulsion field (EV +2). [mutagenic meat]
  5005 | D:5      | Gained mutation: Your magical capacity is low (-10% MP). [mutagenic meat]
  5006 | D:5      | Gained mutation: You have difficulty communicating with the divine. [mutagenic meat]
  5024 | D:5      | Learned a level 3 spell: Mephitic Cloud
  5068 | D:5      | Gained mutation: One of your tentacles bears a spike. [potion of beneficial mutation]
  5702 | D:6      | Found an opulent altar of Gozag.
  5731 | D:6      | Reached skill level 1 in Air Magic
  5761 | D:6      | Reached skill level 8 in Conjurations
  5761 | D:6      | Reached XP level 8. HP: 46/46 MP: 7/17
  5865 | D:6      | Reached skill level 5 in Spellcasting
  6356 | D:6      | Found a snail-covered altar of Cheibriados.
  6622 | D:6      | Reached skill level 9 in Conjurations
  6721 | D:6      | Found Khez's Food Emporium.
  6772 | D:7      | Noticed Eustachio
  6777 | D:7      | Killed Eustachio
  6978 | D:7      | Noticed Ijyb
  6988 | D:7      | Killed Ijyb
  7133 | D:7      | Found a white marble altar of Elyvilon.
  7233 | D:7      | Noticed Sigmund
  7275 | D:7      | Killed Sigmund
  7275 | D:7      | Reached skill level 10 in Conjurations
  7275 | D:7      | Reached XP level 9. HP: 48/51 MP: 4/19
  7455 | D:7      | Found a shattered altar of Ashenzari.
  8475 | D:8      | Reached skill level 11 in Conjurations
  8482 | D:8      | Learned a level 5 spell: Iskenderun's Battlesphere
  8634 | D:8      | Reached skill level 1 in Charms
  9076 | D:8      | Noticed Edmund
  9087 | D:8      | Killed Edmund
  9103 | D:8      | Reached XP level 10. HP: 56/56 MP: 22/22
  9539 | D:9      | Found a sacrificial altar of Ru.
  9668 | D:9      | Found a radiant altar of Vehumet.
  9675 | D:9      | Became a worshipper of Vehumet
  9744 | D:9      | Noticed Prince Ribbit
  9764 | D:9      | Killed Prince Ribbit
  9764 | D:9      | Reached XP level 11. HP: 54/61 MP: 12/23
  9930 | D:9      | Noticed Psyche
  9939 | D:9      | Killed Psyche
 10229 | D:9      | Found a roughly hewn altar of Beogh.
 10410 | D:9      | Found a staircase to the Orcish Mines.
 10425 | D:9      | Acquired Vehumet's first power
 10425 | D:9      | Offered knowledge of Flame Tongue by Vehumet.
 10957 | D:10     | Entered Level 10 of the Dungeon
 11565 | D:10     | Found Ithupilo's Magic Scroll Boutique.
 11571 | D:10     | Bought a scroll of enchant weapon for 90 gold pieces
 11571 | D:10     | Bought a scroll of identify for 24 gold pieces
 11571 | D:10     | Bought a scroll of identify for 24 gold pieces
 11571 | D:10     | Bought a scroll of summoning for 114 gold pieces
 11571 | D:10     | Bought a scroll of identify for 24 gold pieces
 11571 | D:10     | Bought a scroll of identify for 24 gold pieces
 11827 | D:10     | Offered knowledge of Sandblast by Vehumet.
 11827 | D:10     | Reached skill level 12 in Conjurations
 12201 | D:11     | Got a fine trident
 12202 | D:11     | Identified the +3 trident of Megalomania {venom, rC+} (You found it on level 11 of the Dungeon)
 12521 | D:11     | Noticed a hill giant
 12533 | D:11     | Killed a hill giant
 13160 | D:11     | Gained mutation: You are clumsy. (Dex -2) [mutagenic meat]
 13161 | D:11     | Lost mutation: Your magical capacity is low (-10% MP). [mutagenic meat]
 13202 | D:11     | Gained mutation: You possess an exceptional clarity of mind. [mutagenic meat]
 13472 | D:11     | Reached XP level 12. HP: 63/66 MP: 12/29
 13693 | D:11     | Reached skill level 1 in Fighting
 13916 | D:11     | Got an ancient quarterstaff
 13917 | D:11     | Identified the +9 quarterstaff "Orb Guardian's Foe" {venom, rC+} (You took it off a gnoll on level 11 of the Dungeon)
 13961 | D:11     | Found a staircase to the Lair.
 13983 | D:11     | Reached skill level 1 in Staves
 14208 | D:11     | Noticed a hill giant
 14213 | D:11     | Killed a hill giant
 14229 | D:11     | Noticed a seven-headed hydra
 14586 | D:11     | Killed an unseen horror
 14851 | D:12     | Noticed a centaur warrior
 14991 | D:12     | Reached skill level 13 in Conjurations
 15492 | D:12     | Reached skill level 5 in Staves
 15866 | D:12     | Offered knowledge of Stone Arrow by Vehumet.
 16426 | D:12     | Acquired Vehumet's second power
 16433 | D:12     | Learned a level 4 spell: Fulminant Prism
 16739 | D:12     | Got a scorched dagger
 16740 | D:12     | Identified the cursed +3 dagger "Danean" {pierce, rF++ MR++ Dex-1} (You found it on level 12 of the Dungeon)
 16750 | D:12     | Reached XP level 13. HP: 71/81 MP: 23/30
 16847 | D:12     | Reached skill level 5 in Fighting
 17031 | D:12     | Killed a centaur warrior
 17350 | D:13     | Found Affapp's General Store.
 17357 | D:13     | Bought a potion of poison for 14 gold pieces
 18252 | D:13     | Offered knowledge of Force Lance by Vehumet.
 18441 | Orc:1    | Entered Level 1 of the Orcish Mines
 19236 | Orc:3    | Acquired Vehumet's third power
 19245 | Orc:3    | Offered knowledge of Sticky Flame by Vehumet.
 19255 | Orc:3    | Found a frozen archway.
 19334 | IceCv    | Entered an ice cave
 20557 | IceCv    | Reached skill level 14 in Conjurations
 20673 | IceCv    | Reached skill level 10 in Dodging
 20874 | IceCv    | HP: 3/86 [polar bear (11)]
 20875 | IceCv    | Demolished by a polar bear

Inventory:

Hand weapons
 g - the +9 quarterstaff "Orb Guardian's Foe" (weapon) {venom, rC+}
   (You took it off a gnoll on level 11 of the Dungeon)

   It poisons the flesh of those it strikes.
   It protects you from cold.
 n - the cursed +3 dagger "Danean" {pierce, rF++ MR++ Dex-1}
   (You found it on level 12 of the Dungeon)

   It inflicts extra damage upon your enemies.
   It affects your dexterity (-1).
   It greatly protects you from fire.
   It affects your resistance to hostile enchantments.
   It has a curse placed upon it.
 s - a +4 dagger of electrocution
Jewellery
 a - a ring of teleport control (left tentacle)
 t - a ring of positive energy (right tentacle)
 v - a ring of stealth (on tentacle)
Magical devices
 d - a wand of digging (5)
 z - a wand of digging (5)
Scrolls
 e - 4 scrolls of amnesia
 m - 8 scrolls of teleportation
 o - 12 scrolls of remove curse
 p - 2 scrolls of immolation
 q - 2 scrolls of fear
 r - 4 scrolls of identify
 y - 2 scrolls of magic mapping
Potions
 f - a potion of agility
 i - 4 potions of curing
 j - 2 potions of brilliance
 x - 2 potions of restore abilities
Books
 c - a book of Conjurations

   Spells                             Type                      Level
   a - Magic Dart                     Conjuration                  1
   b - Searing Ray                    Conjuration                  2
   c - Dazzling Spray                 Conjuration/Hexes            3
   d - Fulminant Prism                Conjuration/Hexes            4
   e - Iskenderun's Mystic Blast      Conjuration                  4
   f - Iskenderun's Battlesphere      Conjuration/Charms           5
Comestibles
 b - 16 bread rations
 h - 12 meat rations
 k - 3 chunks of flesh
 u - 5 beef jerkies
 w - a royal jelly

Table legend:
 A = Turns spent in this place as a percentage of turns spent in the entire game.
 B = Non-inter-level travel turns spent in this place as a percentage of non-inter-level travel turns spent in the entire game.
 C = Inter-level travel turns spent in this place as a percentage of turns spent in this place.
 D = Turns resting spent in this place as a percentage of non-inter-level travel turns spent in this place.
 E = Turns spent auto-exploring this place as a percentage of non-inter-level travel turns spent in this place.
 F = Non-inter-level travel turns spent in this place divided by the number of levels of this place that you've seen.
                   A       B       C       D       E      F
               +-------+-------+-------+-------+-------+----------------------
         Total | 100.0 | 100.0 |   0.6 |  10.7 |  11.4 | 256.1
       Dungeon |  85.2 |  85.2 |   0.6 |  10.6 |  12.3 | 302.2
        Temple |   0.2 |   0.2 |   9.1 |   0.0 |  60.0 |  10.0
  Orcish Mines |   5.4 |   5.4 |   1.2 |   7.2 |   9.2 |  83.0
      Ice Cave |   9.1 |   9.2 |   0.0 |  14.2 |   2.6 | 423.0
               +-------+-------+-------+-------+-------+----------------------


   Skills:
 + Level 7.0 Fighting
 - Level 8.0 Staves
 * Level 10.1 Dodging
 - Level 9.2 Stealth
 - Level 9.4 Spellcasting
 + Level 14.1 Conjurations
 - Level 4.0 Charms
 - Level 1.1 Air Magic


You had 11 spell levels left.
You knew the following spells:

 Your Spells              Type           Power        Failure   Level  Hunger
a - Magic Dart            Conj           ####         1%          1    None
b - Searing Ray           Conj           ######       1%          2    None
c - Iskenderun's Mystic   Conj           ######..     1%          4    ##.....
d - Mephitic Cloud        Conj/Pois/Air  ####....     1%          3    None
e - Iskenderun's Battles  Conj/Chrm      ######..     1%          5    ####...
f - Fulminant Prism       Conj/Hex       #####.....   1%          4    ##.....


Dungeon Overview and Level Annotations

Branches:
Dungeon (13/15)            Temple (1/1) D:4            Lair (0/8) D:11
    Orc (3/4) D:9
    Elf: Orc:3-4     Vaults: D:13-14

Altars:
Ashenzari
Cheibriados
Dithmenos
Elyvilon
Fedhas
Gozag
Kikubaaqudgha
Makhleb
Nemelex Xobeh
Okawaru
Qazlal
Ru
Sif Muna
Trog
Vehumet
Xom
Yredelemnul
Zin
The Shining One
Beogh
Lugonu

Shops:
D:6 %   D:10 ?   D:13 *


Innate Abilities, Weirdness & Mutations

You cannot wear most types of armour.
You are amphibious.
You can wear up to eight rings at the same time.
You can use your tentacles to constrict many enemies at once.
Your skin changes colour to match your surroundings (Stealth).
Your rubbery body absorbs attacks (AC +1).
One of your tentacles bears a spike.
You are surrounded by a mild repulsion field (EV +2).
You possess an exceptional clarity of mind.
You are clumsy. (Dex -2)
You have difficulty communicating with the divine.


Message History

Your battlesphere expends the last of its energy and dissipates.
The polar bear goes berserk!
Casting: Iskenderun's Mystic Blast
Confirm with . or Enter, or press ? or * to list all spells.
Aiming: Iskenderun's Mystic Blast
Press: ? - help, Shift-Dir - straight line, f - polar bear
Aim: a polar bear (water, severely wounded, berserk, fast, unusually strong)
The orb of energy hits the polar bear.
The polar bear is severely wounded.
The polar bear completely misses you. x2
The polar bear misses you. The polar bear closely misses you.
The polar bear claws you. x2
The polar bear barely misses you. The polar bear completely misses you.
The polar bear claws you.
Read which item? (? for menu, Esc to quit)
Okay, then.
Drink which item? (? for menu, Esc to quit)
You feel much better. The polar bear closely misses you.
The polar bear barely misses you. The polar bear claws you.
The polar bear bites you! The polar bear barely misses you.
The polar bear barely misses you.
Drink which item? (? for menu, Esc to quit)
You feel agile all of a sudden. The polar bear bites you!!
The polar bear barely misses you. The polar bear misses you. x2
The polar bear claws you. The polar bear barely misses you.
The polar bear misses you. The polar bear claws you!
The polar bear completely misses you.
Drink which item? (? for menu, Esc to quit)
You feel better. The polar bear completely misses you.
The polar bear misses you. x3
The polar bear completely misses you. The polar bear barely misses you.
You hit the polar bear.
The polar bear is almost dead.
The polar bear bites you! The polar bear completely misses you.
The polar bear misses you.
You hit the polar bear.
The polar bear is poisoned.
The polar bear is almost dead.
The polar bear bites you!
You die... h.h

#≈≈≈≈≈≈≈≈#####.†÷# h.#
#≈≈≈≈≈≈#####...### *.#
#≈≈≈≈≈≈###...### .h##
#≈≈≈≈≈##...### ##
h.####≈≈≈≈###..# #.
#h.##≈≈≈####.### #.
####†###≈≈≈##..#########.
#....#≈†≈≈≈≈##...##..).†.
#..####≈hh@≈≈≈≈#..###...⌠..
.. #≈≈≈≈≈h≈≈≈≈###†.##.[...
#.##≈≈≈≈≈≈≈# ###...####
.[##≈≈≈≈≈≈≈## ########
..###≈≈≈#≈≈≈## ###≈≈##.. .
######≈†≈#####.###...#
#..##≈≈##.#.....### ...##
###≈.#....### ### #########


You could see 3 polar bears.

Table legend:
 A = Kills in this place as a percentage of kills in entire the game.
 B = Kills by you in this place as a percentage of kills by you in the entire game.
 C = Kills by friends in this place as a percentage of kills by friends in the entire game.
 D = Other kills in this place as a percentage of other kills in the entire game.
 E = Experience gained in this place as a percentage of experience gained in the entire game.
 F = Experience gained in this place divided by the number of levels of this place that you have seen.
                   A       B       C       D       E      F
               +-------+-------+-------+-------+-------+----------------------
         Total | 100.0 | 100.0 | 100.0 | 100.0 | 100.0 | 2551.6
       Dungeon |  79.4 |  79.5 |  33.3 |  88.9 |  74.4 | 2628.5
  Orcish Mines |  11.7 |  11.6 |  66.7 |   0.0 |   2.3 | 355.7
      Ice Cave |   8.9 |   8.9 |   0.0 |  11.1 |  23.3 | 10691.0
               +-------+-------+-------+-------+-------+----------------------

Vanquished Creatures
  A fire dragon (D:13)
  A centaur warrior (D:12)
  A death yak (IceCv)
  An unseen horror (D:11)
  An ice statue (IceCv)
  4 hill giants
  2 ugly things
  2 manticores (D:11)
  2 cyclopes (D:11)
  2 centaur zombies
  A gargoyle (D:11)
  2 kobold demonologists
  2 spiny frogs (D:11)
  Psyche (D:9)
  3 trolls
  12 polar bears (IceCv)
  A trapdoor spider zombie (D:10)
  Prince Ribbit (D:9)
  5 slime creatures
  3 two-headed ogres (D:12)
  A basilisk (D:11)
  35 yaks
  A wyvern (D:9)
  A shadow (D:11)
  Eustachio (D:7)
  3 hippogriffs
  A steam dragon (D:11)
  A wraith (D:11)
  3 hungry ghosts
  A warg (D:9)
  20 wolves (IceCv)
  Edmund (D:8)
  Menkaure (D:4)
  A soldier ant (D:11)
  3 ice beasts
  A water moccasin (D:13)
  7 orc warriors
  6 sky beasts
  3 black bears
  7 ogres
  2 phantoms
  3 necrophages
  9 centaurs
  An eye of draining (D:13)
  Sigmund (D:7)
  The ghost of Kemay the Sneak, an average OpTm (D:4)
  2 crocodiles
  A brain worm (D:11)
  7 big kobolds
  9 giant frogs
  6 scorpions
  A water moccasin skeleton (D:6)
  13 killer bees
  2 goliath beetles
  11 crimson imps
  7 hounds
  A giant frog zombie (D:9)
  10 orc priests
  2 giant frog skeletons
  7 iguanas
  16 orc wizards
  2 centaur skeletons
  A quasit (D:7)
  4 worker ants
  A killer bee zombie (D:6)
  Ijyb (D:7)
  An ogre zombie (D:10)
  3 hound zombies
  A hound skeleton (D:7)
  A worker ant zombie (D:10)
  14 adders
  3 gnolls (D:11)
  12 white imps
  7 shadow imps
  A giant mite (D:2)
  A worm (D:2)
  2 adder skeletons
  8 giant geckos
  An ooze (D:2)
  89 orcs
  A bat skeleton (D:5)
  A bat zombie (D:7)
  A giant cockroach (D:1)
  15 hobgoblins
  7 jackals
  38 kobolds
  A quokka (D:7)
  4 ball pythons
  12 bats
  6 giant newts
  5 giant spores
  12 goblins
  A kobold zombie (D:7)
  13 rats
  10 ballistomycetes
538 creatures vanquished.

Vanquished Creatures (collateral kills)
  A killer bee (D:10)
  2 white imps (Orc:3)
3 creatures vanquished.

Vanquished Creatures (others)
  A yak (IceCv)
  An ogre (D:7)
  7 fulminant prisms
  A shadow imp (D:11)
10 creatures vanquished.

Grand Total: 551 creatures vanquished

Action                   |  1- 3 |  4- 6 |  7- 9 | 10-12 | 13-15 || total
-------------------------+-------+-------+-------+-------+-------++-------
Melee: Unarmed           |     3 |     5 |       |       |       ||     8
       Dagger            |       |     4 |     8 |   204 |       ||   216
       Whip              |       |     6 |   118 |       |       ||   124
       Quarterstaff      |       |       |       |    40 |    99 ||   139
 Cast: Magic Dart        |    59 |    49 |    87 |    78 |    51 ||   324
       Searing Ray       |     7 |    10 |    35 |    43 |    42 ||   137
       Iskenderun's Myst |       |     1 |     9 |   121 |    65 ||   196
       Mephitic Cloud    |       |       |    11 |    37 |     8 ||    56
       Iskenderun's Batt |       |       |       |    15 |    10 ||    25
       Fulminant Prism   |       |       |       |     1 |     6 ||     7
 Abil: Evoke Teleport Co |       |       |     1 |       |       ||     1
Evoke: Wand              |       |       |       |       |     2 ||     2
  Use: Scroll            |       |       |    17 |    10 |     3 ||    30
       Potion            |       |       |     9 |     2 |     3 ||    14
 Stab: Sleeping          |       |     3 |     3 |    21 |     6 ||    33
       Confused          |       |       |     2 |    11 |     3 ||    16
       Distracted        |       |       |       |     1 |       ||     1
  Eat: Chunk             |     4 |     6 |    18 |    33 |    16 ||    77
       Fruit             |       |     1 |     1 |       |       ||     2
       Royal jelly       |       |       |     1 |     1 |       ||     2
       Beef jerky        |       |       |       |     3 |       ||     3
       Pizza             |       |       |       |       |     1 ||     1

Vault maps used:
D:1:      dpeg_arrival_rooms_c, serial_bayou_pond_d
D:2:      lemuel_coloured_pillars_altar, fedhas_altar_2
D:4:      nicolae_qazlal_general_emergency, kennysheep_little_box,
          minmay_temple_entry_statues_pillars, first_bread, uniq_menkaure
D:5:      bloody_makhleb
D:6:      lemuel_crystal_altar, beetle_altar_1, serial_shops, shop
D:7:      lemuel_crystal_altar, basic_altar, grunt_ogre_cave,
          minmay_tree_intersection, minmay_misc_feat_plants, minmay_nine_imps,
          uniq_sigmund, uniq_eustachio, uniq_iyjb
D:8:      dk_rats_in_the_wall, uniq_edmund
D:9:      old_standard_altar, lemuel_round_altar, david_orc_1_choice,
          special_room, uniq_psyche, uniq_prince_ribbit1
D:10:     serial_shops, shop_scrolls
D:11:     hangedman_cross_stitches, dpeg_lair_monsters
D:13:     serial_shops, shop
Temple:   corrupted_temple
Orc:1:    nicolae_orc_rockfall
Orc:2:    uniq_maurice
Orc:3:    portal_ice_cave_entry_imps, nicolae_orc_pool_cavern
IceCv:    ice_cave_caverns_02
